 Dungeon Crawl Stone Soup version 0.27.0-1-g7a089689b8 (webtiles) character file.

Game seed: 4332213811658240441

3351 SnakkuSnakku7 the Geomancer (level 10, -6/70 HPs)
             Began as a Barachi Earth Elementalist on Aug 6, 2021.
             Was a Priest of Vehumet.
             Mangled by an orc warrior (11 damage)
             ... while paralysed by a hornet
             ... on level 7 of the Dungeon.
             The game lasted 00:18:40 (6281 turns).

SnakkuSnakku7 the Geomancer (BaEE)                  Turns: 6281, Time: 00:18:40

Health: -6/70      AC:  6    Str: 10    XL:     10   Next: 3%
Magic:  17/19      EV:  2    Int: 18    God:    Vehumet [***...]
Gold:   110        SH:  0    Dex: 13    Spells: 12/21 levels left

rFire    . . .     SeeInvis .   q - +1 short sword (venom)
rCold    . . .     Faith    .   (no shield)
rNeg     + . .     Spirit   .   H - +2 leather armour {rPois}
rPois    +         Reflect  .   (no helmet)
rElec    .         Harm     .   s - +0 cloak
rCorr    .         Rampage  .   (no gloves)
Will     .....                  (no boots)
Stlth    ++........             (no amulet)
HPRegen  0.21/turn              o - ring of positive energy
MPRegen  0.16/turn              (no ring)

@: paralysed, slowed, slow
A: amphibious, slowness 1, strong legs 1, +LOS
a: Hop, Renounce Religion


You were on level 7 of the Dungeon.
You worshipped Vehumet.
Vehumet was most pleased with you.
You visited 1 branch of the dungeon, and saw 8 of its levels.

You collected 413 gold pieces.
You spent 303 gold pieces at shops.

Inventory:

Hand Weapons
 d - a +0 short sword
 n - a +0 dagger of venom
 q - a +1 short sword of venom (weapon)
Missiles
 c - 105 stones
Armour
 b - a +0 robe
 s - a +0 cloak (worn)
 t - a +1 ring mail of cold resistance
 v - a +1 robe of cold resistance
 H - a +2 leather armour of poison resistance (worn)
Jewellery
 o - a ring of positive energy (left hand)
 y - an amulet of guardian spirit
Wands
 u - a wand of paralysis (4)
 x - a wand of flame (4)
 C - a wand of polymorph (11)
Scrolls
 a - 3 scrolls of enchant weapon {unknown}
 f - 4 scrolls of noise {unknown}
 g - 3 scrolls of vulnerability {unknown}
 h - 3 scrolls of fog {unknown}
 i - 2 scrolls of fear {unknown}
 w - 4 scrolls of teleportation
 z - a scroll of immolation {unknown}
 A - a scroll of holy word
 F - 2 scrolls of magic mapping {unknown}
 G - a scroll of amnesia {unknown}
Potions
 e - 2 potions of flight
 j - 2 potions of brilliance
 k - 3 potions of curing
 l - 4 potions of magic
 m - 2 potions of attraction
 p - 3 potions of haste
 r - 3 potions of resistance
 B - a potion of mutation
 D - a potion of invisibility
 E - a potion of heal wounds


   Skills:
 - Level 3.3 Fighting
 - Level 2.1 Dodging
 - Level 1.7 Stealth
 - Level 6.0 Spellcasting
 - Level 6.0 Conjurations
 - Level 1.1 Transmutations
 - Level 4.0 Fire Magic
 + Level 10.6 Earth Magic


You had 12 spell levels left.
You knew the following spells:

 Your Spells              Type           Power      Damage    Failure   Level
a - Sandblast             Erth           86%        2d18      1%          1
b - Stone Arrow           Conj/Erth      70%        3d11      1%          3
c - Bolt of Magma         Conj/Fire/Erth 15%        4d9       7%          5

Your spell library contained the following spells:

 Spells                   Type           Power      Damage    Failure   Level
 Frozen Ramparts          Ice            10%        1d3       13%         3
 Foxfire                  Conj/Fire      92%        2x1d8     1%          1
 Conjure Flame            Conj/Fire      23%        6-21      1%          3
 Passwall                 Tmut/Erth      21%        N/A       2%          2
 Inner Flame              Hex/Fire       12%        N/A       6%          3
 Mephitic Cloud           Conj/Pois/Air  12%        N/A       6%          3
 Ignite Poison            Fire/Tmut/Pois 11%        N/A       7%          3
 Petrify                  Tmut/Erth      26%        N/A       14%         4
 Summon Small Mammal      Summ           20%        N/A       16%         1
 Leda's Liquefaction      Hex/Erth       12%        N/A       19%         4
 Slow                     Hex            5%         N/A       24%         2
 Call Canine Familiar     Summ           5%         N/A       43%         3
 Confusing Touch          Hex            5%         N/A       43%         3
 Gell's Gravitas          Tloc           2%         N/A       43%         3
 Lesser Beckoning         Tloc           2%         N/A       43%         3
 Portal Projectile        Hex/Tloc       10%        N/A       43%         3
 Summon Guardian Golem    Hex/Summ       5%         N/A       43%         3
 Teleport Other           Tloc           5%         N/A       43%         3
 Vampiric Draining        Necr           2%         2d6       43%         3
 Starburst                Conj/Fire      11%        8x6d5     58%         6


Dungeon Overview and Level Annotations

Branches:
Dungeon (8/15)             Temple (0/1) D:4
   Lair: D:8-11

Altars:
Kikubaaqudgha
Qazlal
Uskayaw
Vehumet
Xom
Yredelemnul
The Shining One

Shops:
D:1 *


Innate Abilities, Weirdness & Mutations

You are amphibious.
You cover ground slowly.
You can hop short distances.
You have an extended range of vision and can be seen from far away.


Message History

You feel your power returning.
The orc shouts!
The orc priest mumbles some strange prayers to Beogh against you.
Beogh smites you! The hornet stings you.
There is a stone staircase leading up here.
The hornet stings you but does no damage.
The orc wizard gestures wildly while chanting.
The orc wizard flickers and vanishes!
Deactivating autopickup; reactivate with Ctrl-A.
The orc warrior hits you with a +0 hand axe!
The hornet stings you.
You climb upwards.
Reactivating autopickup.
There is a stone staircase leading down here.
Okay, then.
Casting: Sandblast (safe; 1% risk of failure)
Confirm with . or Enter, or press ? or * to list all spells.
Aiming: Sandblast (safe; 1% risk of failure)
Press: ? - help, Shift-Dir - straight line, f - hornet
Aim: a hornet (74% to hit)
The blast of sand hits the hornet!
The hornet is moderately wounded.
The hornet barely misses you. The orc warrior barely misses you.
Unknown command.
Casting: Sandblast (safe; 1% risk of failure)
Confirm with . or Enter, or press ? or * to list all spells.
Aiming: Sandblast (safe; 1% risk of failure)
Press: ? - help, Shift-Dir - straight line, f/p - hornet
Aim: a hornet (moderately wounded, 74% to hit)
The blast of sand misses the hornet.
The hornet stings you!
You feel yourself slow down.
The orc warrior hits you with a +0 hand axe.
The hornet stings you!
* * * LOW HITPOINT WARNING * * *
You suddenly lose the ability to move!
The hornet stings you!
* * * LOW HITPOINT WARNING * * *
The orc warrior hits you with a +0 hand axe!
You die...

#.######
####.#####...######.#
### #.......#.....# #.#
# #.##.##.......# #.# #
#.##.####.....# #.# #
########.##.........##
#.#
###......>.############
#.#
......###.....########
#.#
###.#.###.###.##yo...#
#.# ..........#
#.##@....# #.#
.......##.###........#
#.#
......<##.....##.....#
#.#
###.......######.....#
##.# ......###...#
####### #..# #######
###.# #.## # #.# #.# ###
######.###### #.# ..#
#...........##########.#


You could see a hornet and an orc warrior.

Vanquished Creatures
  A troll (D:6)
  A steam dragon (D:7)
  An acid dragon (D:6)
  2 water moccasins
  2 black bears
  2 sky beasts
  An ice beast (D:7)
  A necrophage (D:6)
  4 ogres
  A centaur (D:7)
  2 phantoms
  Blork the orc (D:4)
  3 bullfrogs
  2 scorpions
  6 killer bees (D:7)
  A water moccasin skeleton (D:5)
  A howler monkey (D:7)
  A centaur skeleton (D:4)
  A hound (D:7)
  3 jellies
  Crazy Yiuf (D:2)
  4 orc priests
  A bullfrog skeleton (D:5)
  Natasha (thrice) (D:4)
  4 iguanas
  4 orc wizards
  A killer bee zombie (D:4)
  A hound skeleton (D:5)
  7 adders
  A river rat (D:3)
  2 howler monkey skeletons (D:7)
  An ufetubus (D:4)
  An adder skeleton (D:4)
  A worm (D:3)
  7 dart slugs
  17 orcs
  9 bats
  9 endoplasms
  7 giant cockroaches
  13 goblins
  5 hobgoblins
  10 jackals
  3 kobolds
  4 quokkas
  8 ball pythons
  10 frilled lizards
  7 rats
178 creatures vanquished.

Vanquished Creatures (others)
  A human (D:7)
1 creature vanquished.

Grand Total: 179 creatures vanquished

Notes
Turn   | Place    | Note
-------+----------+-------------------------------------------
     0 | D:1      | SnakkuSnakku7 the Barachi Earth Elementalist began the
                  | quest for the Orb.
     0 | D:1      | Reached XP level 1. HP: 13/13 MP: 3/3
    59 | D:1      | Found Fegyiniu's General Store.
   178 | D:1      | Reached XP level 2. HP: 10/19 MP: 0/5
   386 | D:1      | Reached skill level 4 in Earth Magic
   393 | D:1      | Reached XP level 3. HP: 2/24 MP: 0/6
   397 | D:1      | Learned a level 3 spell: Stone Arrow
   567 | D:1      | Reached skill level 1 in Conjurations
   837 | D:1      | Bought 23 stones for 27 gold pieces
   885 | D:1      | Bought a scroll of identify for 24 gold pieces
   950 | D:2      | Found a faded altar of an unknown god.
   988 | D:2      | Reached XP level 4. HP: 18/30 MP: 2/7
  1264 | D:2      | Found a runed translucent door.
  1265 | D:2      | Noticed Crazy Yiuf
  1281 | D:2      | Found a radiant altar of Vehumet.
  1472 | D:2      | Became a worshipper of Vehumet
  1571 | D:2      | Noticed an ogre
  1604 | D:2      | Killed an ogre
  1605 | D:2      | Reached skill level 5 in Earth Magic
  1605 | D:2      | Reached XP level 5. HP: 24/35 MP: 0/8
  1817 | D:2      | Killed Crazy Yiuf
  2074 | D:3      | Found a shimmering altar of Xom.
  2154 | D:3      | Reached XP level 6. HP: 12/41 MP: 2/9
  2156 | D:3      | Reached skill level 6 in Earth Magic
  2247 | D:3      | Reached * piety under Vehumet
  2247 | D:3      | Offered knowledge of Freeze by Vehumet.
  2701 | D:3      | Found a glowing golden altar of the Shining One.
  2901 | D:4      | Reached skill level 7 in Earth Magic
  2901 | D:4      | Reached XP level 7. HP: 38/46 MP: 10/10
  2916 | D:4      | Noticed Natasha
  2933 | D:4      | Killed Natasha
  2967 | D:4      | Noticed Natasha
  2971 | D:4      | Killed Natasha
  3046 | D:4      | Reached skill level 8 in Earth Magic
  3052 | D:4      | Noticed Natasha
  3057 | D:4      | Killed Natasha
  3072 | D:5      | Entered Level 5 of the Dungeon
  3231 | D:4      | Reached ** piety under Vehumet
  3252 | D:4      | Offered knowledge of Searing Ray by Vehumet.
  3257 | D:4      | Found a hide-covered altar of Uskayaw.
  3257 | D:4      | Noticed a +0 spear
  3257 | D:4      | Noticed a +0 falchion
  3258 | D:4      | Noticed a +0 dagger
  3258 | D:4      | Noticed a +0 falchion
  3259 | D:4      | Noticed a +0 short sword
  3260 | D:4      | Noticed a +0 short sword
  3262 | D:4      | Noticed a +0 dagger
  3262 | D:4      | Noticed a +0 spear
  3416 | D:4      | Reached XP level 8. HP: 52/52 MP: 9/11
  3465 | D:4      | Noticed Blork the orc
  3474 | D:4      | Killed Blork the orc
  3475 | D:4      | Reached skill level 9 in Earth Magic
  3479 | D:4      | Found a staircase to the Ecumenical Temple.
  4058 | D:5      | Reached skill level 10 in Earth Magic
  4286 | D:5      | Identified the +2 plate armour "Civie" {Dex+5 Stlth+}
  4526 | D:1      | Bought a scroll of teleportation for 36 gold pieces
  4526 | D:1      | Bought a scroll of teleportation for 36 gold pieces
  4526 | D:1      | Bought a potion of curing for 36 gold pieces
  4526 | D:1      | Bought a scroll of identify for 24 gold pieces
  4526 | D:1      | Bought a potion of haste for 120 gold pieces
  4792 | D:6      | Reached skill level 5 in Spellcasting
  4792 | D:6      | Reached XP level 9. HP: 44/57 MP: 15/17
  4820 | D:6      | Found a stormy altar of Qazlal.
  4830 | D:6      | Got the Almanac of the Volcanoes and the Mountains
  5135 | D:6      | Noticed a troll
  5140 | D:6      | Killed a troll
  5472 | D:6      | Learned a level 5 spell: Bolt of Magma
  5650 | D:7      | Reached skill level 1 in Fire Magic
  5653 | D:7      | Offered knowledge of Frozen Ramparts by Vehumet.
  5662 | D:7      | Found an ancient bone altar of Kikubaaqudgha.
  5705 | D:7      | Reached skill level 5 in Conjurations
  5705 | D:7      | Reached *** piety under Vehumet
  5716 | D:7      | Found a basalt altar of Yredelemnul.
  6146 | D:7      | Reached XP level 10. HP: 62/70 MP: 15/19
  6280 | D:7      | Paralysed by a hornet for 3 turns
  6281 | D:7      | Mangled by an orc warrior

Illustrated notes

Levels and vault maps discovered:
D:1:      tarquinn_simple_flora_water_c, layout_basic, serial_shops, shop,
          minmay_lizard_pond
D:2:      minmay_thinvault, layout_rooms, ebering_ecumenical_altar_rust,
          basic_altar, minmay_domino_4, uniq_crazy_yiuf_cottage
D:3:      layout_loops_ring, nicolae_tso_swordbearing_angel, xom_teletrap_fun,
          portal_sewer_entry_b
D:4:      layout_basic, nicolae_uskayaw_en_pointe,
          minmay_temple_entry_water_ring, uniq_natasha, uniq_blork_the_orc
D:5:      minmay_opposing_rooms, layout_rooms
D:6:      layout_loops_corners, nicolae_qazlal_general_emergency, serial_rivers,
          chequers_serial_rivers_micro_e, chequers_serial_rivers_small_a,
          chequers_serial_rivers_micro_b, chequers_serial_rivers_small_3,
          chequers_serial_rivers_large_b
D:7:      layout_loops_cross, tgw_kikubaaqudgha, minmay_ruined_shrine
D:8:      layout_cave_pods, minmay_gold_behind_fungi, nrook_uturn

Skill      XL: |  1  2  3  4  5  6  7  8  9 |
---------------+----------------------------+-----
Earth Magic    | 4 5 7 8 10 | 10.6
Conjurations   | 2 3 6 |  6.0
Spellcasting   | 5 6 |  6.0
Fighting       | 3 |  3.3
Fire Magic     | 4 |  4.0
Dodging        | |  2.1
Stealth        | |  1.7
Transmutations | |  1.1

Action                   |  1- 3 |  4- 6 |  7- 9 | 10-12 || total
-------------------------+-------+-------+-------+-------++-------
Melee: Short sword       |    55 |    34 |    40 |       ||   129
       Dagger            |       |    81 |       |       ||    81
 Cast: Sandblast         |    31 |    58 |   146 |     5 ||   240
       Stone Arrow       |       |       |     3 |       ||     3
 Abil: Hop               |     2 |     3 |     3 |       ||     8
Evoke: Wand              |       |       |     2 |       ||     2
  Use: Scroll            |     1 |     4 |     5 |     1 ||    11
 Stab: Sleeping          |       |     3 |       |       ||     3
Armor: Robe              |    16 |    34 |    17 |       ||    67
       Leather armour    |       |       |     9 |     1 ||    10
Dodge: Dodged            |    43 |    98 |    86 |     2 ||   229
